 Dungeon Crawl Stone Soup version 0.30-a0-223-gcb0039aa0c (webtiles) character file.

Game seed: 11866120740606234277

112 qw the Chopper (level 4, -1/28 HPs)
             Began as a Gargoyle Fighter on Oct 9, 2022.
             Slain by a gnoll
             ... wielding a +2 vorpal flail
              (4 damage)
             ... on level 4 of the Dungeon.
             The game lasted 00:00:40 (1989 turns).

qw the Chopper (Gargoyle Fighter)                   Turns: 1989, Time: 00:00:40

Health: -1/28      AC: 10    Str: 21    XL:     4   Next: 93%
Magic:  4/4        EV:  9    Int:  9    God:
Gold:   27         SH:  4    Dex:  9    Spells: 3/3 levels left

rFire   . . .      SeeInvis .    Y - +0 war axe
rCold   . . .      Faith    .    c - +0 buckler
rNeg    + . .      Spirit   .    b - +0 scale mail
rPois   inf        Reflect  .    (no helmet)
rElec   +          Harm     .    (no cloak)
rCorr   .          Rampage  .    (no gloves)
Will    .....                    (no boots)
Stlth   ..........               (no amulet)
HPRegen 0.24/turn                (no ring)
MPRegen 0.09/turn                (no ring)

@: no status effects
A: sickness immunity, AC +3, negative energy resistance 1, electricity
resistance, torment resistance 1, petrification resistance
a: no special abilities


You were on level 4 of the Dungeon.
You visited 1 branch of the dungeon, and saw 4 of its levels.

You collected 150 gold pieces.
You spent 123 gold pieces at shops.


Innate Abilities, Weirdness & Mutations

You are immune to sickness and miasma.
Your stone body is resilient. (AC +3)
You are immune to poison.
You resist negative energy. (rN+)
You are resistant to electric shocks. (rElec)
You are resistant to unholy torment.
You are immune to petrification.


   Skills:
 - Level 3.2 Fighting
 + Level 4.2 Axes
 - Level 1.0 Throwing
 - Level 3.2 Armour
 - Level 3.2 Shields


You had 3 spell levels left.
You didn't know any spells.
Your spell library was empty.

Inventory:

Hand Weapons
 e - a +0 whip
 Y - a +0 war axe (weapon)
Missiles
 i - 5 boomerangs (quivered)
Armour
 b - a +0 scale mail (worn)
 c - a +0 buckler (worn)
Scrolls
 h - 2 scrolls of identify
 p - 3 scrolls of enchant armour
Potions
 a - a potion of attraction
 d - 2 potions of might
 f - a potion of mutation
 j - a potion of haste {unknown}
 k - a potion of degeneration {unknown}
 l - a potion of flight {unknown}
 m - a potion of curing {unknown}
 o - a potion of invisibility {unknown}
 q - a potion of cancellation {unknown}

Dungeon Overview and Level Annotations

Branches:
Dungeon (4/15)
 Temple: D:4-7

Altars:
Makhleb

Shops:
D:3 ?


Message History

You hear a shout!
You block the jackal's attack. Something hits you but does no damage.
An orc comes into view. It is wielding a +0 trident.
The jackal barely misses you.
An orc comes into view. It is wielding a +0 whip.
Something hits you but does no damage.
A jackal comes into view.
The orc shouts!
You hit the gnoll but do no damage. You barely miss something.
You hit the jackal but do no damage.
You hear a shout!
The jackal bites you but does no damage.
Something hits you but does no damage.
A gnoll comes into view. It is wielding a +2 spear of freezing.
You block the jackal's attack.
You slash the gnoll!
The gnoll is almost dead.
You hit the jackal but do no damage. You miss something. You hit the gnoll.
The jackal barely misses you. The gnoll hits you with a +0 flail.
Something hits you. Something shocks you. You resist.
The gnoll hits you but does no damage.
You hit the gnoll but do no damage.
The gnoll is almost dead.
You barely miss something. You barely miss the gnoll. You slash the jackal!
You kill the jackal!
The gnoll hits you but does no damage. You block something's attack.
The gnoll hits you with a +2 vorpal flail.
The gnoll hits you with a +0 flail. You block the gnoll's attack.
Something hits you. Something shocks you. You resist.
You hit the gnoll.
You kill the gnoll!
You miss something. You hit the gnoll. The gnoll hits you but does no damage.
Something hits you but does no damage.
You barely miss the gnoll.
The gnoll is moderately wounded.
You closely miss the jackal. You barely miss something. You slash the orc!
You kill the orc!
You block the jackal's attack. The orc barely misses you.
The gnoll hits you with a +2 vorpal flail.
You die...

....... ...... ....
............. #......
............ #......
.......#...#####
#......
................
#......
....goo.......##......
#.)h%.......##...[..
#.g@........##......
####................
#.:............#...
#####..................
.............%..>.....#
.....................##
......##...>..........#
...... #..............#
......##..............#


You could see 2 gnolls, 2 orcs and a jackal.

Vanquished Creatures
  2 adders
  A gnoll (D:4)
  2 worms
  2 dart slugs
  2 orcs
  10 ball pythons
  8 endoplasms
  5 giant cockroaches
  5 goblins
  3 hobgoblins
  7 jackals
  2 quokkas
  3 bats
  2 frilled lizards
  7 kobolds
  6 rats
67 creatures vanquished.

Notes
Turn   | Place    | Note
-------+----------+-------------------------------------------
     0 | D:1      | qw the Gargoyle Fighter began the quest for the Orb.
     0 | D:1      | Reached XP level 1. HP: 14/14 MP: 1/1
     0 | D:1      | 0 ||| qw: Version: 0.2-a-17-g06abaee
     0 | D:1      | 0 ||| qw: Game counter: 2070
     0 | D:1      | 0 ||| qw: Always use a shield: true
     0 | D:1      | 0 ||| qw: God list: Okawaru
     0 | D:1      | 0 ||| qw: Allow faded altars: false
     0 | D:1      | 0 ||| qw: Do Orc after D:15 true
     0 | D:1      | 0 ||| qw: Do second Lair branch before Depths: true
     0 | D:1      | 0 ||| qw: Lair rune preference: random
     0 | D:1      | 0 ||| qw: Plans: Normal, Zot:1-4, God:TSO, Crypt, Tomb,
                  | Pan, Slime:5, Hells, Abyss, Orb
     0 | D:1      | 0 ||| PLANNING D:1-11
    53 | D:1      | Reached skill level 2 in Axes
   164 | D:1      | Reached XP level 2. HP: 19/19 MP: 2/2
   171 | D:1      | 171 ||| Stepping ~*~*~tactically~*~*~ (stealth).
   173 | D:1      | 173 ||| Stepping ~*~*~tactically~*~*~ (stealth).
   301 | D:1      | Reached skill level 3 in Axes
   327 | D:1      | Reached XP level 3. HP: 23/23 MP: 3/3
   614 | D:1      | 614 ||| READING scroll labelled TOGEYCZ EGUPUNG.
   615 | D:1      | 615 ||| READING 3 scrolls labelled JEBLETR ONKERU.
   649 | D:2      | Reached skill level 1 in Throwing
   656 | D:2      | 656 ||| Stepping ~*~*~tactically~*~*~ (stealth).
   749 | D:2      | Identified the +10 dagger of the Real Monster {venom, rPois
                  | rC+ Str+4 Dex-4}
   758 | D:2      | 758 ||| Stepping ~*~*~tactically~*~*~ (hiding).
   768 | D:2      | Reached XP level 4. HP: 26/28 MP: 4/4
   819 | D:2      | Found a faded altar of an unknown god.
  1053 | D:2      | 1053 ||| READING scroll labelled OHOSTURCHERY.
  1054 | D:2      | 1054 ||| READING scroll labelled LEIP GUKONOT.
  1155 | D:2      | 1155 ||| DRINKING 2 smoky silvery potions.
  1156 | D:2      | 1156 ||| READING 2 scrolls of identify.
  1156 | D:2      | 1156 ||| IDENTIFYING bubbling orange potion
  1157 | D:2      | 1157 ||| DROPPING potion of brilliance.
  1181 | D:3      | 1181 ||| STAIRDANCE
  1331 | D:3      | Found a faded altar of an unknown god.
  1335 | D:3      | Found a burning altar of Makhleb.
  1510 | D:3      | Reached skill level 4 in Axes
  1638 | D:3      | Found Mashuewn's Magic Scroll Emporium.
  1651 | D:3      | 1651 ||| BUYING scroll of enchant armour (97 gold).
  1651 | D:3      | Bought a scroll of enchant armour for 97 gold pieces
  1651 | D:3      | 1651 ||| BUYING scroll of identify (26 gold).
  1651 | D:3      | Bought a scroll of identify for 26 gold pieces
  1651 | D:3      | 1651 ||| SHOPLISTING scroll of identify (26 gold, have 22).
  1902 | D:3      | 1902 ||| READING scroll labelled AFUPRON DIXEABRO.
  1903 | D:3      | 1903 ||| READING scroll labelled UZIWOUPPOE.
  1904 | D:3      | 1904 ||| READING 2 scrolls of identify.
  1904 | D:3      | 1904 ||| IDENTIFYING dark potion
  1978 | D:4      | 1978 ||| Stepping ~*~*~tactically~*~*~ (stealth).
  1978 | D:4      | Noticed a sky beast
  1987 | D:4      | HP: 7/28 [gnoll/+0 flail (4)]
  1987 | D:4      | HP: 2/28 [something (2)]
  1989 | D:4      | Slain by a gnoll

Levels and vault maps discovered:
D:1:      lemuel_arrival_rhombus, layout_basic, minmay_tromino_i2
D:2:      layout_basic, hellmonk_ecumenical_altar_arch_garden,
          nicolae_elevator_lobby_asterisk
D:3:      layout_basic, nicolae_overflow_ecumenical_swirl, serial_shops,
          nicolae_shop_hallway_plus, hangedman_decor_opposing
D:4:      minmay_chambers_of_fours, layout_basic, uniq_edmund

Skill      XL: |  1  2  3  4 |
---------------+-------------+-----
Axes           | 2 3 4 |  4.2
Throwing       | 1 |  1.0
Fighting       | |  3.2
Armour         | |  3.2
Shields        | |  3.2

Action                   |  1- 3 |  4- 6 || total
-------------------------+-------+-------++-------
Melee: War axe           |    44 |    29 ||    73
Throw: Javelin           |    38 |    23 ||    61
       Boomerang         |       |     4 ||     4
  Use: Scroll            |     2 |     6 ||     8
       Potion            |       |     1 ||     1
Armor: Scale mail        |    19 |    25 ||    44
Dodge: Dodged            |    16 |    12 ||    28
Block: Buckler           |    11 |    15 ||    26

Table legend:
 A = Non-vault XP
 B = Vault XP
 C = Vault XP percentage of total XP
 D = Non-vault monster count
 E = Vault monster count
 F = Vault count percentage of total count
                 A         B        C        D         E       F
            +---------+---------+-------+---------+---------+-------
      Total |     159 |       4 |   2.5 |      65 |       2 |   3.0
            +---------+---------+-------+---------+---------+-------
        D:1 |      37 |       4 |   9.8 |      22 |       2 |   8.3
        D:2 |      58 |       0 |   0.0 |      23 |       0 |   0.0
        D:3 |      28 |       0 |   0.0 |      10 |       0 |   0.0
        D:4 |      36 |       0 |   0.0 |      10 |       0 |   0.0
            +---------+---------+-------+---------+---------+-------
